 Dungeon Crawl Stone Soup version 0.24.0-123-gd5b16e6ec5 (webtiles) character file.

Game seed: 12292077830781843359, levelgen mode: deterministic

25 Elellon the Chopper (level 3, -1/31 HPs)
             Began as a Hill Orc Fighter on Jan 14, 2020.
             Slain by a gnoll
             ... wielding a +0 spear
              (3 damage)
             ... on level 2 of the Dungeon.
             The game lasted 00:01:12 (1347 turns).

Elellon the Chopper (Hill Orc Fighter)              Turns: 1347, Time: 00:01:13

Health: -1/31      AC:  8    Str: 19    XL:     3   Next: 4%
Magic:  3/3        EV:  7    Int:  8    God:
Gold:   72         SH:  9    Dex: 10    Spells: 2/2 levels left

rFire    . . .     SeeInvis .   a - +0 war axe
rCold    . . .     Gourm    .   c - +0 shield
rNeg     . . .     Faith    .   b - +0 scale mail
rPois    .         Spirit   .   (no helmet)
rElec    .         Reflect  .   (no cloak)
rCorr    .         Harm     .   (no gloves)
MR       .....                  m - +0 pair of boots
Stlth    ..........             (no amulet)
HPRegen  0.10/turn              (no ring)
MPRegen  0.08/turn              (no ring)

@: no status effects
A: no striking features
a: no special abilities


You were on level 2 of the Dungeon.
You were not hungry.

You visited 1 branch of the dungeon, and saw 2 of its levels.

You collected 72 gold pieces.

Inventory:

Hand Weapons
 a - a +0 war axe (weapon)
Armour
 b - a +0 scale mail (worn)
 c - a +0 shield (worn)
 m - a +0 pair of boots (worn)
Jewellery
 i - an uncursed ring of fire {unknown}
 k - an uncursed ring of protection from magic {unknown}
 p - an uncursed amulet of rage {unknown}
Scrolls
 e - a scroll of enchant armour {unknown}
 g - a scroll of noise {unknown}
 j - 3 scrolls of identify {unknown}
 l - a scroll of teleportation {unknown}
Potions
 d - a potion of might
 h - a potion of agility {unknown}
 n - a potion of heal wounds {unknown}
 o - a potion of lignification {unknown}
 q - a potion of invisibility {unknown}
Comestibles
 f - 2 rations


   Skills:
 - Level 3.6 Fighting
 + Level 4.6 Axes
 - Level 3.2 Armour
 - Level 3.2 Shields


You had 2 spell levels left.
You didn't know any spells.
Your spell library was empty.

Dungeon Overview and Level Annotations

Branches:
Dungeon (2/15)

Altars:


Message History

The gnoll hits you from afar with a +0 spear.
The gnoll hits you but does no damage.
The gnoll hits you from afar with a +0 halberd!
The gnoll hits you with a +0 spear.
The gnoll hits you from afar with a +0 spear.
The gnoll completely misses you.
You hit the gnoll.
The gnoll is moderately wounded.
You hit the gnoll. The gnoll hits you with a +0 spear.
The gnoll completely misses you. The gnoll hits you with a +0 halberd.
You slash the gnoll!
The gnoll is severely wounded.
You hit the gnoll. The gnoll hits you with a +0 spear.
* * * LOW HITPOINT WARNING * * *
The gnoll hits you from afar with a +0 spear.
* * * LOW HITPOINT WARNING * * *
The gnoll hits you with a +0 halberd.
* * * LOW HITPOINT WARNING * * *
The gnoll hits you with a +0 spear.
You die...

#.#### ##.## ##....
#....# #.# #.... #.##.#
#.# #.#.# #....# ##+##
#.#.. #.#..# ##...##
#.### #.#<.#
##.....###.### #....#
##.......##....
##...g###.........####.
#.....@gg.........'....
##...####.........####.
####..#####.......## #.
#........###.....## #.
#.###.##.# ##...## #g
#># #.##.# ##(## #.
#.###.##.# #(# #.
#.....##.# #.# #.
#........# ##.## ##


You could see 3 gnolls.

Vanquished Creatures
  2 worms (D:2)
  A dart slug (D:1)
  A giant cockroach (D:1)
  3 goblins
  3 hobgoblins (D:1)
  3 kobolds
  A bat (D:1)
  A frilled lizard (D:1)
  2 rats
17 creatures vanquished.

Notes
Turn   | Place    | Note
-------+----------+-------------------------------------------
     0 | D:1      | Elellon the Hill Orc Fighter began the quest for the Orb.
     0 | D:1      | Reached XP level 1. HP: 19/19 MP: 1/1
    55 | D:1      | Reached skill level 3 in Axes
   327 | D:1      | Reached XP level 2. HP: 26/26 MP: 2/2
   437 | D:1      | Reached skill level 4 in Axes
   950 | D:2      | Reached XP level 3. HP: 10/31 MP: 3/3
  1347 | D:2      | Slain by a gnoll

Levels and vault maps discovered:
D:1:      saegor_arrival_under_anarchy, layout_basic, serial_glass,
          glass_columns_b, glass_columns_c
D:2:      layout_loops_corners, kennysheep_cross_room

Skill      XL: |  1  2 |
---------------+-------+-----
Axes           | 3 4 |  4.6
Fighting       | |  3.6
Armour         | |  3.2
Shields        | |  3.2

Action                   || total
-------------------------++-------
Melee: War axe           ||    53
  Eat: Chunk             ||     1
Armor: Scale mail        ||    24
Dodge: Dodged            ||    13
Block: Shield            ||    22
